 Dungeon Crawl Stone Soup version 0.31-a0-971-g75a2e9a4b4 (webtiles) character file.

Game seed: 8860273849322278145

436 porpoise the Vexing (level 6, -3/41 HPs)
             Began as a Demonspawn Enchanter on Oct 29, 2023.
             Slain by an orc wizard
             ... wielding a +2 dagger of distortion
              (4 damage)
             ... on level 4 of the Dungeon.
             The game lasted 00:15:34 (3857 turns).

porpoise the Vexing (Demonspawn Enchanter)          Turns: 3857, Time: 00:15:35

Health: -3/41      AC:  6    Str:  9    XL:     6   Next: 68%
Magic:  9/9        EV: 12    Int: 22    God:
Gold:   155        SH:  0    Dex: 13    Spells: 1/9 levels left

rFire   . . .        a - +2 short sword of Mikhek {venom, *Noise rC+ Int+4}
rCold   + . .        (no shield)
rNeg    . . .        h - +0 robe
rPois   .            e - +2 hat
rElec   .            (no cloak)
rCorr   .            (no gloves)
SInv    .            (no boots)
Will    +....        l - amulet of the acrobat
Stlth   ++           p - ring of willpower
HPRegen 0.26/turn    (no ring)
MPRegen 0.22/turn

%: acrobat
@: invisible
A: claws 1, icy blue scales 1, demonic guardian 1, magic regeneration
a: no special abilities


You were on level 4 of the Dungeon.
You visited 1 branch of the dungeon, and saw 4 of its levels.

You collected 155 gold pieces.

Inventory:

Hand Weapons
 a - the +2 short sword of Mikhek (weapon) {venom, *Noise rC+ Int+4}
   (You found it on level 3 of the Dungeon)

   Int+4:     It affects your intelligence (+4).
   rC+:       It protects you from cold.
   *Noise:    It may make a loud noise when swung.
 b - a +1 dagger
Armour
 e - a +2 hat (worn)
 h - a +0 robe (worn)
Jewellery
 f - a ring of fire
 l - an amulet of the acrobat (around neck)
 p - a ring of willpower (left claw)
Scrolls
 d - a scroll of identify
 g - a scroll of poison {unknown}
 i - a scroll of noise
 k - a scroll of fog {unknown}
 n - a scroll of silence {unknown}
 q - a scroll of amnesia {unknown}
Potions
 c - 2 potions of invisibility
 j - a potion of enlightenment
 m - a potion of mutation
 o - a potion of ambrosia
 r - 2 potions of curing {unknown}


   Skills:
 + Level 3.7 Short Blades
 - Level 1.7 Dodging
 - Level 2.6 Stealth
 + Level 2.3 Spellcasting
 + Level 5.1 Hexes
 - Level 3.0 Ice Magic


You had one spell level left.
You knew the following spells:

 Your Spells              Type           Power      Damage    Failure   Level
a - Confusing Touch       Hex            25%        N/A       4%          3
e - Ensorcelled Hibernat  Hex/Ice        40%        N/A       3%          2
t - Tukima's Dance        Hex            25%        N/A       4%          3

Your spell library contained the following spells:

 Spells                   Type           Power      Damage    Failure   Level
 Dazzling Flash           Conj/Hex       26%        N/A       14%         3
 Cause Fear               Hex            12%        N/A       16%         4
 Ignite Poison            Fire/Tmut/Pois 2%         N/A       38%         3
 Anguish                  Hex/Necr       6%         N/A       43%         4
 Sticky Flame             Conj/Fire      2%         2d3       80%         4
 Enfeeble                 Hex            12%        N/A       100%        7
 Ignition                 Fire           1%         3d3       100%        8


Dungeon Overview and Level Annotations

Branches:
Dungeon (4/15)
 Temple: D:4-7

Altars:
Vehumet


Innate Abilities, Weirdness & Mutations

You have sharp fingernails.
You are partially covered in icy blue scales. (AC +2)
A weak demonic guardian rushes to your aid.
You regenerate magic rapidly.


Message History

You hit the orc.
You kill the orc!
You start resting.
HP restored.
You see here a +0 club.
Items here: )) [ †.
What are your orders? t - Shout!
Orders for allies: a - Attack new target. r - Retreat! s - Stop attacking. g - Guard the area. f - Follow me.
Anything else - Cancel.
You shout for attention!
You hear a shout! x2
You hit the orc but do no damage.
The orc is poisoned.
The orc barely misses you.
The orc wizard shouts!
You hit the orc but do no damage.
The orc is lightly wounded.
You hit the orc but do no damage.
The orc looks as sick as possible!
Your short sword of Mikhek chatters happily.
The orc is lightly wounded.
The orc barely misses you.
You hit the orc but do no damage.
The orc looks as sick as possible!
The orc is almost dead.
You kill the orc!
You closely miss the orc wizard.
The orc wizard gestures wildly while chanting.
The orc wizard flickers and vanishes!
Deactivating autopickup; reactivate with Ctrl-A.
You barely miss something. Something hits you. Space warps horribly around you!
You hit something.
Your short sword of Mikhek speaks gibberish.
You hit something. Something hits you. Space warps horribly around you!!
* * * LOW HITPOINT WARNING * * *
A demonic guardian appears!
You fade into invisibility!
Something hits you.
* * * LOW HITPOINT WARNING * * *
A demonic guardian appears!
Space warps around you.
You die...

##. #.. #.# ##### ####
#.# ....#####...# #.♣
..~.....#.♣.♣ #5♣
#######.#.#.# #o♣ # ###
#...♣.♣#♣#@♣
#######..##.....{♣♣ #
..'_'.)...♣.♣.♣#5.♣♣♣..#
###'###...)............#
# #.# #..####.....####.#
# #.# #.## ##.#### .
......# #.# ##.##...##
#.# .......... ..#


You could see an orc (unable to see you, ally target), a friendly iron imp
(summoned, wandering) and a friendly white imp (summoned, wandering).

Vanquished Creatures
  A sky beast (D:4)
  A scorpion (D:4)
  A vampire bat (D:3)
  A sleepcap (D:4)
  An orc wizard (D:4)
  2 adders
  2 worms
  3 dart slugs
  2 fire bats (D:3)
  8 orcs
  2 spectral bats (D:3)
  3 bat skeletons (D:3)
  A bat zombie (D:3)
  8 endoplasms
  5 giant cockroaches
  6 goblins
  8 hobgoblins
  2 jackals
  5 kobolds
  5 quokkas
  6 ball pythons
  10 bats
  A bat simulacrum (D:3)
  3 frilled lizards
  7 rats
94 creatures vanquished.

Vanquished Creatures (collateral kills)
  2 bats (D:3)
  A fire bat (D:3)
  A jackal (D:3)
4 creatures vanquished.

Grand Total: 98 creatures vanquished

Notes
Turn   | Place    | Note
-------+----------+-------------------------------------------
     0 | D:1      | porpoise the Demonspawn Enchanter began the quest for the
                  | Orb.
     0 | D:1      | Reached XP level 1. HP: 13/13 MP: 3/3
    12 | D:1      | Reached skill level 1 in Short Blades
    68 | D:1      | Gained mutation: A weak demonic guardian rushes to your
                  | aid. [demonic ancestry]
    68 | D:1      | Reached XP level 2. HP: 19/19 MP: 5/5
   320 | D:1      | Learned a level 2 spell: Ensorcelled Hibernation
   674 | D:1      | Reached XP level 3. HP: 18/24 MP: 6/6
   701 | D:1      | Learned a level 3 spell: Confusing Touch
  1334 | D:2      | Reached skill level 1 in Ice Magic
  1891 | D:2      | Gained mutation: You are partially covered in icy blue
                  | scales. (AC +2) [demonic ancestry]
  1891 | D:2      | Reached XP level 4. HP: 30/30 MP: 7/7
  2539 | D:3      | Reached skill level 4 in Hexes
  2539 | D:3      | Gained mutation: You regenerate magic rapidly. [demonic
                  | ancestry]
  2539 | D:3      | Reached XP level 5. HP: 24/35 MP: 8/8
  3248 | D:3      | Identified the +2 short sword of Mikhek {venom, *Noise rC+
                  | Int+4}
  3282 | D:4      | Gained mutation: You have sharp fingernails. [demonic
                  | ancestry]
  3282 | D:4      | Reached XP level 6. HP: 41/41 MP: 9/9
  3710 | D:4      | Noticed a sky beast
  3724 | D:4      | Killed a sky beast
  3725 | D:4      | Reached skill level 5 in Hexes
  3729 | D:4      | Learned a level 3 spell: Tukima's Dance
  3761 | D:4      | Found a radiant altar of Vehumet.
  3856 | D:4      | HP: 2/41 [something (20)]
  3857 | D:4      | Slain by an orc wizard

Illustrated notes

Levels and vault maps discovered:
D:1:      lightli_arrival_statuegarden, layout_basic, minmay_liquid_box,
          chequers_mini_garden
D:2:      wad_crossroads, layout_basic, grunt_ministairs_12
D:3:      layout_rooms, goddamned_bats
D:4:      layout_loops_ring, lemuel_doored_altar, serial_forest,
          infiniplex_forest_end_1, infiniplex_forest_clump_tiny,
          infiniplex_forest_straight_4, infiniplex_forest_clump_large,
          infiniplex_forest_lined_3, infiniplex_forest_lined_corner,
          infiniplex_forest_join, infiniplex_forest_straight_1,
          infiniplex_forest_clump_long, infiniplex_forest_corner_1,
          minmay_misc_feat_hallway

Skill      XL: |  1  2  3  4  5  6 |
---------------+-------------------+-----
Short Blades   | 1 2 3 |  3.7
Ice Magic      | 1 2 3 |  3.0
Hexes          | 4 5 |  5.1
Dodging        | |  1.7
Stealth        | |  2.6
Spellcasting   | |  2.3

Action                     |  1- 3 |  4- 6 || total
---------------------------+-------+-------++-------
  Melee: Dagger            |   168 |   188 ||   356
         Spear             |     8 |       ||     8
         Punch             |     5 |       ||     5
         Short sword       |       |    55 ||    55
   Cast: Ensorcelled Hiber |     3 |     5 ||     8
         Confusing Touch   |       |     1 ||     1
    Use: Scroll            |     1 |     3 ||     4
         Potion            |       |     1 ||     1
   Stab: Sleeping          |     9 |     5 ||    14
         Confused          |       |     1 ||     1
 Armour: Robe              |    67 |   172 ||   239
  Dodge: Dodged            |    91 |   237 ||   328

Table legend: (Time is in decaauts)
 A = Elapsed time spent in this place.
 B = Non-inter-level travel time spent in this place.
 C = Inter-level travel time spent in this place.
 D = Time resting spent in this place.
 E = Time spent auto-exploring this place.
 F = Levels seen in this place.
 G = Mean time per level.
                   A        B        C        D        E       F      G
               +--------+--------+--------+--------+--------+-----+--------+
         Total |   3807 |   3746 |     61 |    696 |   2061 |   4 |  951.8 |
       Dungeon |   3807 |   3746 |     61 |    696 |   2061 |   4 |  951.8 |
               +--------+--------+--------+--------+--------+-----+--------+

Top non-repeatable levels by time:
     D:1: 1140 daAuts
     D:2: 1094 daAuts
     D:3: 1003 daAuts
     D:4: 569 daAuts
